 Dungeon Crawl Stone Soup version 0.28-a0-1395-g4f6bc678fa (webtiles) character file.

Game seed: 7325272356733929494

1 eustatius the Covered (level 1, 0/17 HPs)
             Began as a Djinni Wanderer on Jan 5, 2022.
             Slain by a bat (1 damage)
             ... on level 1 of the Dungeon.
             The game lasted 00:01:38 (64 turns).

eustatius the Covered (Djinni Wanderer)               Turns: 64, Time: 00:01:39

Health: 0/17       AC:  0    Str: 12    XL:     1   Next: 22%
Gold:   0          EV: 11    Int: 12    God:
                   SH:  0    Dex: 12

rFire   + + .      SeeInvis .   a - +0 club
rCold   x . .      Faith    .   (no shield)
rNeg    . . .      Spirit   .   (no armour)
rPois   ∞          Reflect  .   (no helmet)
rElec   .          Harm     .   (no cloak)
rCorr   .          Rampage  .   (no gloves)
Will    .....                   (boots unavailable)
Stlth   +.........              (no amulet)
HPRegen 0.05/turn               (no ring)
MPRegen 0.00/turn               (no ring)

@: flying
A: sickness immunity, fire resistance 2, cold vulnerability 1, float, innate
caster, hp casting, extra vitality 1
a: no special abilities


You were on level 1 of the Dungeon.
You visited 1 branch of the dungeon, and saw 1 of its levels.

Inventory:

Hand Weapons
 a - a +0 club (weapon)
Armour
 c - a +0 chain mail
Wands
 b - a wand of polymorph (5) (quivered)


   Skills:
 * Level 1.0 Fighting
 - Level 5.0 Armour
 * Level 1.5 Spellcasting
 * Level 2.0 Evocations


You couldn't memorise any spells.
You knew the following spells:

 Your Spells              Type           Power      Damage    Failure   Level
a - Animate Skeleton      Necr           8%         N/A       16%         1
b - Vampiric Draining     Necr           4%         2d6       41%         3

Your spell library contained the following spells:

 Spells                   Type           Power      Damage    Failure   Level


Dungeon Overview and Level Annotations

Branches:
Dungeon (1/15)

Altars:


Innate Abilities, Weirdness & Mutations

You are immune to sickness and miasma.
You are immune to poison.
Your flesh is very heat resistant. (rF++)
You are vulnerable to cold. (rC-)
You float through the air rather than walking.
You learn spells naturally, not from books.
Your magical power is your life essence.
You have superior vitality. (+4 MHP)


Message History

Confirm with . or Enter, or press ? or * to list all spells.
There is nothing nearby to animate!
You closely miss the bat. The bat barely misses you. The bat hits you.
The bat closely misses you. The bat misses you.
You barely miss the bat. The bat hits you. x2
The bat hits you. The bat closely misses you.
Your bat skeleton closely misses the bat.
You miss the bat. The bat hits you.
Your bat skeleton completely misses the bat.
The bat hits your bat skeleton.
Your bat skeleton hits the bat.
The bat hits your bat skeleton.
You swap places.
The bat barely misses you.
You see here a book of the Warp.
You miss the bat.
The bat is moderately wounded.
The bat barely misses you. x2
You barely miss the bat.
The bat is moderately wounded.
The bat misses you. The bat hits you.
* * * LOW HITPOINT WARNING * * *
You hit the bat but do no damage.
The bat is moderately wounded.
The bat hits you.
* * * LOW HITPOINT WARNING * * *
The bat hits you.
* * * LOW HITPOINT WARNING * * *
The bat misses you. The bat hits you.
* * * LOW HITPOINT WARNING * * *
You hit the bat.
The bat is severely wounded.
The bat closely misses you. The bat hits you.
* * * LOW HITPOINT WARNING * * *
A ball python comes into view.
Found 18 sling bullets.
The bat misses you.
Your bat skeleton hits the bat.
The bat completely misses your bat skeleton.
Your bat skeleton closely misses the bat.
The bat hits you.
You die...

....#######.# #...
.......# ##.#. .......#
#... .....# #... ....#
#..# #..#
#.b########.[######
#.@Z.:.............
S......####.####..######
#...... ..#......#
..................#
#.####.#########..# # #.
#..# #. #..# #. #..#


You could see a bat (ally target), a ball python (asleep) and a friendly bat
skeleton.

Vanquished Creatures
  A bat (D:1)
1 creature vanquished.

Notes
Turn   | Place    | Note
-------+----------+-------------------------------------------
     0 | D:1      | eustatius the Djinni Wanderer began the quest for the Orb.
     0 | D:1      | Reached XP level 1. HP: 17/17 MP: 0/0
    64 | D:1      | Slain by a bat

Illustrated notes

Levels and vault maps discovered:
D:1:      minmay_arrival_hallway, layout_loops_ring

Action                   || total
-------------------------++-------
Melee: Club              ||    14
 Cast: Animate Skeleton  ||     1
Armor: Chain mail        ||    14
Dodge: Dodged            ||    20

Table legend: (Time is in decaauts)
 A = Elapsed time spent in this place.
 B = Non-inter-level travel time spent in this place.
 C = Inter-level travel time spent in this place.
 D = Time resting spent in this place.
 E = Time spent auto-exploring this place.
 F = Levels seen in this place.
 G = Mean time per level.
                   A        B        C        D        E       F      G
               +--------+--------+--------+--------+--------+-----+--------+
         Total |     68 |     68 |      0 |      0 |      0 |   1 |   68.0 |
       Dungeon |     68 |     68 |      0 |      0 |      0 |   1 |   68.0 |
               +--------+--------+--------+--------+--------+-----+--------+

Top non-repeatable levels by time:
     D:1: 68 daAuts
